 Dungeon Crawl Stone Soup version 0.27.1-33-g824d729ab1 (webtiles) character file.

Game seed: 10098000674377777686

28408 Nixze the Arsonist (level 13, -6/107 HPs)
             Began as a Hill Orc Fire Elementalist on Nov 27, 2021.
             Was an Elder of Vehumet.
             Mangled by a death yak (7 damage)
             ... on level 3 of the Lair of Beasts.
             The game lasted 00:45:21 (22107 turns).

Nixze the Arsonist (Hill Orc Fire Elementalist)    Turns: 22107, Time: 00:45:21

Health: -6/107     AC: 12    Str: 12    XL:     13   Next: 38%
Magic:  33/36      EV: 11    Int: 19    God:    Vehumet [****..]
Gold:   469        SH:  4    Dex: 11    Spells: 1/32 levels left

rFire    + + .     SeeInvis .   b - staff of fire
rCold    x . .     Faith    .   h - +0 buckler
rNeg     . . .     Spirit   .   W - +0 swamp dragon scales
rPois    +         Reflect  .   v - +0 helmet
rElec    +         Harm     .   B - +0 cloak
rCorr    .         Rampage  .   (no gloves)
Will     .....                  I - +2 pair of boots "Pycurghe" {rElec}
Stlth    +.........             (no amulet)
HPRegen  0.27/turn              l - ring of fire
MPRegen  0.25/turn              C - ring of magical power

@: hasted, very quick
A: no striking features
a: Renounce Religion


You were on level 3 of the Lair of Beasts.
You worshipped Vehumet.
Vehumet was greatly pleased with you.
You visited 3 branches of the dungeon, and saw 16 of its levels.
You also visited: Sewer.

You collected 824 gold pieces.
You spent 355 gold pieces at shops.

Inventory:

Hand Weapons
 K - a +1 scimitar of flaming
 T - the +8 frozen axe "Frostbite" {freezing cloud, *Noise Fly rC+}
   (You found it on level 10 of the Dungeon)

   It freezes those it strikes, dealing additional cold damage.
   It can also slow down cold-blooded creatures.
   It occasionally leaves clouds of freezing vapour upon striking a foe.
   It grants immunity to clouds of freezing vapour.
   rC:        It protects you from cold.
   Fly:       It grants you flight.
   *Noise:    It may make noises in combat.
 Z - the +11 spear "Moeg Zia" {vamp, rC+ Str-2 Dex+4}
   (You found it on level 3 of the Lair of Beasts)

   It occasionally heals its wielder for a portion of the damage dealt when it
   wounds a living foe.
   Str:       It affects your strength (-2).
   Dex:       It affects your dexterity (+4).
   rC:        It protects you from cold.
Missiles
 t - 75 poisoned darts
 G - a throwing net
 N - 3 javelins
Armour
 h - a +0 buckler (worn)
 j - a +2 robe of willpower
 v - a +0 helmet (worn)
 B - a +0 cloak (worn)
 F - a +3 leather armour of positive energy
 I - the +2 pair of boots "Pycurghe" (worn) {rElec}
   (You bought it in a shop on level 2 of the Dungeon)

   rElec:     It insulates you from electricity.
 W - +0 swamp dragon scales (worn)
Magical Staves
 b - a staff of fire (weapon)
Jewellery
 l - a ring of fire (left hand)
 C - a ring of magical power (right hand)
 Q - a ring of resist corrosion
Wands
 r - a wand of polymorph (20)
 s - a wand of charming (6)
 A - a wand of flame (18)
 H - a wand of iceblast (18)
 J - a wand of acid (4)
 R - a wand of digging (12)
Scrolls
 a - a scroll of holy word {unknown}
 f - 2 scrolls of fear
 g - a scroll of magic mapping
 i - 2 scrolls of fog
 m - a scroll of enchant armour {unknown}
 o - a scroll of immolation
 q - a scroll of silence {unknown}
 u - a scroll of torment {unknown}
 y - a scroll of enchant weapon
 D - a scroll of vulnerability {unknown}
 M - 3 scrolls of amnesia
 P - 4 scrolls of teleportation
 U - a scroll of summoning {unknown}
 Y - a scroll of blinking {unknown}
Potions
 k - 6 potions of lignification
 n - 2 potions of attraction
 p - 4 potions of brilliance
 w - 3 potions of heal wounds
 z - 4 potions of might
 E - 2 potions of invisibility
 L - a potion of resistance
 O - 2 potions of curing
 V - 2 potions of flight
 X - 2 potions of mutation
Miscellaneous
 S - a lightning rod (4/4)


   Skills:
 - Level 8.0 Fighting
 + Level 7.5 Axes
 - Level 3.0 Dodging
 - Level 3.0 Stealth
 - Level 4.0 Shields
 - Level 10.0 Spellcasting
 + Level 10.8 Conjurations
 + Level 2.7 Translocations
 - Level 11.0 Fire Magic
 - Level 4.0 Evocations


You had one spell level left.
You knew the following spells:

 Your Spells              Type           Power      Damage    Failure   Level
a - Foxfire               Conj/Fire      100%       2x1d9     1%          1
b - Inner Flame           Hex/Fire       62%        N/A       1%          3
c - Sticky Flame          Conj/Fire      85%        2d10      1%          4
d - Fireball              Conj/Fire      42%        3d17      1%          5
e - Starburst             Conj/Fire      42%        6d12      9%          6
f - Irradiate             Conj/Tmut      15%        3d18      13%         5
g - Apportation           Tloc           40%        N/A       5%          1
h - Blink                 Tloc           N/A        N/A       9%          2
i - Passage of Golubria   Tloc           N/A        N/A       47%         4

Your spell library contained the following spells:

 Spells                   Type           Power      Damage    Failure   Level
 Magic Dart               Conj           100%       1d8       1%          1
 Pain                     Necr           36%        1d5       17%         1
 Searing Ray              Conj           100%       3d7       1%          2
 Conjure Flame            Conj/Fire      85%        6-21      1%          3
 Mephitic Cloud           Conj/Pois/Air  23%        N/A       3%          3
 Fulminant Prism          Conj/Hex       15%        3d11      5%          4
 Lesser Beckoning         Tloc           10%        N/A       16%         3
 Call Imp                 Summ           9%         N/A       26%         2
 Manifold Assault         Tloc           20%        N/A       83%         5
 Agony                    Necr           9%         N/A       99%         5
 Alistair's Intoxication  Tmut/Pois      6%         N/A       99%         5
 Excruciating Wounds      Necr           4%         N/A       99%         5
 Silence                  Hex/Air        4%         N/A       99%         5
 Invisibility             Hex            4%         N/A       100%        6
 Lehudib's Crystal Spear  Conj/Erth      15%        10d5      100%        8


Dungeon Overview and Level Annotations

Branches:
Dungeon (11/15)            Temple (1/1) D:6            Lair (4/6) D:9
  Swamp (0/4) Lair:3          Orc (0/2) D:9           Sewer (visited)
  Snake: Lair:2-4    Spider: Lair:2-4

Altars:
Ashenzari
Cheibriados
Dithmenos
Elyvilon
Fedhas
Gozag
Hepliaklqana
Kikubaaqudgha
Makhleb
Nemelex Xobeh
Okawaru
Qazlal
Ru
Sif Muna
Trog
Uskayaw
Vehumet
Wu Jian
Xom
Yredelemnul
Zin
The Shining One

Shops:
D:2 [   D:8 *   D:9 ?


Message History

Casting: Starburst (dangerous; 9% risk of failure)
Confirm with . or Enter, or press ? or * to list all spells.
Casting: Starburst (dangerous; 9% risk of failure)
Press: ? - help, Dir - look around, f - activate You feel a strong surge of power!
The bolt of fire hits the bullfrog!!!
You kill the bullfrog!
Vehumet accepts your kill.
You feel your power returning.
The bolt of fire hits the death yak!!
The death yak is heavily wounded.
The bolt of fire hits the yak!!
The yak is severely wounded.
The bolt of fire hits the yak!!!
You kill the yak!
Vehumet accepts your kill.
You feel your power returning.
The bolt of fire hits the death yak!!
The death yak is moderately wounded.
You hear a bellow!
The yak gores you. The death yak gores you!! The death yak misses you.
A yak comes into view.
The yak completely misses you. The death yak gores you!
* * * LOW HITPOINT WARNING * * *
The death yak gores you but does no damage.
You climb upwards.
There is a stone staircase leading down here.
Okay, then.
Unknown command.
Unknown command.
Casting: Starburst (dangerous; 9% risk of failure)
Confirm with . or Enter, or press ? or * to list all spells.
You blink.
The yak gores you but does no damage. The death yak gores you!
* * * LOW HITPOINT WARNING * * *
You feel much better. The death yak gores you!
* * * LOW HITPOINT WARNING * * *
You feel yourself speed up. The yak gores you.
* * * LOW HITPOINT WARNING * * *
The death yak gores you!
* * * LOW HITPOINT WARNING * * *
The death yak gores you!
You die...

##..#..#.#...# #..## #
##########..# ##.## # ###
##..#######..# ## ##P#
##....##......# .###..###
##..######..#### .......P#
####>..## ##P.## ........#
#....##.# #P..# .......##
#P..YY#####..## .......##
##.Y@.# #..## ........#
##...P####..## .....####
#.##..P##....## .....#
####...##.....## ....##
##..####....## .....#
#####..#######..## ..#..####
###......##.###P...#
###.....###.............##..##
.###...#....................P#
#


You could see 2 death yaks and a yak.

Vanquished Creatures
  Harold (Lair:1)
  2 hydras (Lair:1)
  A boulder beetle (Lair:3)
  A centaur warrior (D:8)
  4 death yaks
  4 two-headed ogres
  A deep elf knight (D:10)
  A wolf spider (shapeshifter) (D:10)
  An ugly thing (D:10)
  3 black mambas
  A cyclops (D:11)
  A gargoyle (D:10)
  Maggie (Lair:1)
  7 cane toads
  An unseen horror (D:11)
  A kobold demonologist (D:6)
  2 komodo dragons
  2 ice devils (D:10)
  2 freezing wraiths (D:10)
  An efreet (D:8)
  3 trolls
  A hornet (D:10)
  2 polar bears
  3 shadows
  10 yaks
  4 wraiths
  A basilisk (shapeshifter) (D:8)
  4 wyverns
  6 basilisks
  4 water moccasins
  An acid dragon (D:8)
  A black bear (D:9)
  6 orc warriors
  2 ogres
  3 wolves (Lair:3)
  5 centaurs
  6 kobold brigands
  9 bullfrogs
  A wyvern zombie (D:7)
  A gnoll sergeant (D:10)
  A water moccasin zombie (D:6)
  22 killer bees
  9 wights
  8 howler monkeys
  2 electric eels (D:6)
  7 centaur zombies
  3 hounds
  A centaur skeleton (D:5)
  3 jellies
  Crazy Yiuf (D:5)
  4 orc priests
  A gnoll shaman (D:8)
  A scorpion zombie (D:5)
  3 iguanas
  Ijyb (D:4)
  9 orc wizards
  Natasha (twice) (D:3)
  5 hell rats (Lair:3)
  A killer bee zombie (D:4)
  A hound skeleton (D:4)
  A howler monkey skeleton (D:7)
  3 howler monkey zombies
  20 gnolls
  11 adders
  3 river rats (Sewer)
  2 shadow imps
  12 white imps
  2 ufetubi
  7 worms
  2 dart slugs
  12 orcs
  11 endoplasms
  A giant cockroach (D:5)
  6 hobgoblins
  6 quokkas
  14 ball pythons
  5 bats
  6 frilled lizards
  A goblin (D:2)
  29 kobolds
  11 rats
361 creatures vanquished.

Vanquished Creatures (collateral kills)
  2 foxfires
2 creatures vanquished.

Vanquished Creatures (others)
  1499 foxfires
  9 fungi
  13 plants
1521 creatures vanquished.

Grand Total: 1884 creatures vanquished

Notes
Turn   | Place    | Note
-------+----------+-------------------------------------------
     0 | D:1      | Nixze the Hill Orc Fire Elementalist began the quest for
                  | the Orb.
     0 | D:1      | Reached XP level 1. HP: 14/14 MP: 3/3
   224 | D:1      | Reached XP level 2. HP: 20/20 MP: 1/4
   329 | D:1      | Reached skill level 4 in Fire Magic
  1021 | D:1      | Reached XP level 3. HP: 26/26 MP: 2/5
  1419 | D:2      | Learned a level 3 spell: Inner Flame
  1449 | D:2      | Found a faded altar of an unknown god.
  1810 | D:2      | Found Tatesuicw's Antique Armour Emporium.
  2254 | D:2      | Bought a glowing robe for 99 gold pieces
  2424 | D:3      | Reached XP level 4. HP: 33/33 MP: 2/6
  2478 | D:3      | Reached skill level 1 in Shields
  2845 | D:3      | Reached XP level 5. HP: 38/38 MP: 1/7
  3129 | D:3      | Noticed Natasha
  3137 | D:3      | Killed Natasha
  3160 | D:3      | Noticed Natasha
  3170 | D:3      | Killed Natasha
  3472 | D:4      | Noticed Ijyb
  3484 | D:4      | Killed Ijyb
  3485 | D:4      | Reached XP level 6. HP: 42/45 MP: 0/8
  4496 | D:5      | Entered Level 5 of the Dungeon
  4622 | D:5      | Reached XP level 7. HP: 46/50 MP: 1/12
  4673 | D:5      | Found a burning altar of Makhleb.
  4929 | D:5      | Found a glowing drain.
  4937 | Sewer    | Entered a sewer
  5658 | Sewer    | Reached skill level 5 in Spellcasting
  5658 | Sewer    | Reached XP level 8. HP: 57/57 MP: 10/15
  6053 | D:5      | Found a runed translucent door.
  6054 | D:5      | Noticed Crazy Yiuf
  6098 | D:5      | Learned a level 4 spell: Sticky Flame
  6104 | D:5      | Learned a level 5 spell: Fireball
  6134 | D:5      | Killed Crazy Yiuf
  6788 | D:6      | Reached skill level 1 in Fighting
  6811 | D:6      | Found a snail-covered altar of Cheibriados.
  6818 | D:6      | Reached skill level 1 in Evocations
  6886 | D:6      | Noticed a kobold demonologist
  6895 | D:6      | Killed a kobold demonologist
  6896 | D:6      | Reached XP level 9. HP: 44/68 MP: 18/18
  7103 | D:6      | Found a staircase to the Ecumenical Temple.
  7119 | Temple   | Entered the Ecumenical Temple
  7273 | Temple   | Became a worshipper of Vehumet
  7747 | D:7      | Reached skill level 5 in Conjurations
  8130 | D:7      | Reached * piety under Vehumet
  8130 | D:7      | Offered knowledge of Sandblast by Vehumet.
  8748 | D:7      | Found a stormy altar of Qazlal.
  8789 | D:7      | Found a white marble altar of Elyvilon.
  8968 | D:8      | Reached skill level 5 in Fighting
  9215 | D:7      | Reached skill level 5 in Fire Magic
  9397 | D:7      | HP: 5/111 [poisoned by a killer bee]
  9845 | D:8      | Reached skill level 6 in Fire Magic
  9990 | D:8      | Reached XP level 10. HP: 58/81 MP: 19/19
 10006 | D:8      | Reached skill level 7 in Fire Magic
 10828 | D:2      | Bought a pair of translucent boots for 256 gold pieces
 10828 | D:2      | Identified the +2 pair of boots "Pycurghe" {rElec} (You
                  | bought it in a shop on level 2 of the Dungeon)
 10963 | D:8      | Reached skill level 8 in Fire Magic
 11033 | D:8      | Noticed a centaur warrior
 11046 | D:8      | Killed a centaur warrior
 11397 | D:8      | Found Gafoi's Assorted Antiques.
 11405 | D:8      | Reached ** piety under Vehumet
 11455 | D:8      | Offered knowledge of Poisonous Vapours by Vehumet.
 11713 | D:8      | Reached skill level 9 in Fire Magic
 12174 | D:9      | Found a staircase to the Orcish Mines.
 12340 | D:9      | Offered knowledge of Mephitic Cloud by Vehumet.
 12345 | D:9      | Learned a level 3 spell: Mephitic Cloud
 12364 | D:9      | Reached XP level 11. HP: 86/86 MP: 17/20
 12756 | D:9      | Found a staircase to the Lair.
 12795 | D:9      | Reached *** piety under Vehumet
 13215 | D:9      | Found Ganuuqub's Magic Scroll Shoppe.
 13898 | D:10     | Entered Level 10 of the Dungeon
 14093 | D:10     | Noticed a two-headed ogre
 14101 | D:10     | Killed a two-headed ogre
 14512 | D:10     | Noticed a two-headed ogre
 14527 | D:10     | Killed a two-headed ogre
 14722 | D:10     | Found a glowing silver altar of Zin.
 14816 | D:10     | Noticed a green ugly thing
 14821 | D:10     | Killed a green ugly thing
 14821 | D:10     | Offered knowledge of Ignite Poison by Vehumet.
 15468 | D:10     | Found a basalt altar of Yredelemnul.
 15798 | D:10     | Noticed a two-headed ogre
 15803 | D:10     | Killed a two-headed ogre
 15804 | D:10     | Reached XP level 12. HP: 94/94 MP: 22/25
 15952 | D:10     | Reached skill level 10 in Spellcasting
 15958 | D:10     | Noticed a deep elf knight
 15984 | D:10     | Killed a deep elf knight
 16280 | D:10     | Found the +8 frozen axe "Frostbite" {freezing cloud, *Noise
                  | Fly rC+}
 16517 | D:11     | Reached **** piety under Vehumet
 16695 | D:11     | Reached skill level 1 in Axes
 16905 | D:11     | Offered knowledge of Irradiate by Vehumet.
 16912 | D:11     | Learned a level 5 spell: Irradiate
 17147 | D:11     | Noticed a two-headed ogre
 17159 | D:11     | Killed a two-headed ogre
 17969 | Lair:1   | Entered Level 1 of the Lair of Beasts
 17980 | Lair:1   | Noticed Maggie
 17985 | Lair:1   | Killed Maggie
 18260 | Lair:1   | Noticed an eight-headed hydra
 18263 | Lair:1   | Killed an eight-headed hydra
 18465 | Lair:1   | Reached skill level 10 in Fire Magic
 18738 | Lair:1   | Noticed Harold
 18741 | Lair:1   | Killed Harold
 18742 | Lair:1   | Reached skill level 5 in Axes
 18742 | Lair:1   | Reached skill level 10 in Conjurations
 18946 | Lair:1   | Noticed a seven-headed hydra
 18951 | Lair:1   | Killed a seven-headed hydra
 19515 | Lair:2   | Learned a level 1 spell: Apportation
 19518 | Lair:2   | Learned a level 2 spell: Blink
 19523 | Lair:2   | Learned a level 4 spell: Passage of Golubria
 19666 | Lair:2   | Reached XP level 13. HP: 107/107 MP: 25/27
 20085 | Lair:3   | Reached ***** piety under Vehumet
 20085 | Lair:3   | Offered knowledge of Starburst by Vehumet.
 20086 | Lair:3   | Reached skill level 1 in Translocations
 20167 | Lair:2   | Learned a level 6 spell: Starburst
 20712 | Lair:3   | Identified the +11 spear "Moeg Zia" {vamp, rC+ Str-2 Dex+4}
 20998 | Lair:3   | Found a staircase to the Swamp.
 21740 | Lair:4   | Reached skill level 11 in Fire Magic
 22107 | Lair:3   | HP: 1/107 [death yak (17)]
 22107 | Lair:3   | Mangled by a death yak

Illustrated notes

Levels and vault maps discovered:
D:1:      sevenhm_arrival_forest_fort_large_1, layout_basic
D:2:      layout_basic, hellmonk_ecumenical_altar_zigzags, serial_shops, shop
D:3:      layout_basic, minmay_cupped, uniq_natasha
D:4:      layout_loops_corners, chequers_arboretum, uniq_ijyb
D:5:      layout_cave_pools, makhleb_blood_cavern_becter,
          gup_sewer_entry_bubbles, uniq_crazy_yiuf_cottage
D:6:      layout_gridville, overflow_temple_1_default,
          minmay_temple_entry_statues_pillars, serial_bayou_pond_b
D:7:      layout_basic, kennysheep_mini_moat, marbit_many_paths
D:8:      cheibrodos_elevator_heist, layout_loops_ring, serial_shops,
          nicolae_shop_stone
D:9:      layout_layer_cave, david_lair_generic, david_orc_3, serial_shops,
          nicolae_inconvenience_store
D:10:     nzn_winding_woodlands_cross [nzn_winding_woodlands_5x15_parted,
          nzn_winding_woodlands_5x15_sawtooth,
          nzn_winding_woodlands_5x15_pathside_ponds,
          nzn_winding_woodlands_5x15_eye,
          nzn_winding_woodlands_15x15_boxy_spiral], layout_basic,
          zin_scriptorium, mainiacjoe_overflow_catwalk,
          chequers_serial_rivers_small_b, palyth_stone_intersect,
          hellmonk_guarded_unrand_frostbite
D:11:     layout_irregular_city
Temple:   nicolae_temple_elliptical
Lair:1:   layout_chaotic_city, chequers_serial_rivers_small_3,
          small_statue_intersection, chequers_serial_rivers_room_a,
          grunt_megastairs_2, uniq_maggie, uniq_harold
Lair:2:   layout_gridlike
Lair:3:   layout_layer_cave, swamp_mist_pool, grunt_megastairs_4
Lair:4:   layout_hall_layers, minmay_snake_entry_guardpost_small,
          infiniplex_staircase_pool

Skill      XL: |  1  2  3  4  5  6  7  8  9 10 11 12 13 |
---------------+----------------------------------------+-----
Fire Magic     | 4 6 9 10 11 | 11.0
Conjurations   | 2 3 4 6 9 10 | 10.8
Shields        | 2 3 4 |  4.0
Spellcasting   | 3 5 6 9 10 | 10.0
Fighting       | 2 5 7 8 |  8.0
Stealth        | 2 3 |  3.0
Evocations     | 2 4 |  4.0
Dodging        | 2 3 |  3.0
Axes           | 5 7 |  7.5
Translocations | 2 |  2.7

Action                   |  1- 3 |  4- 6 |  7- 9 | 10-12 | 13-15 || total
-------------------------+-------+-------+-------+-------+-------++-------
Melee: Dagger            |     6 |    14 |    15 |    13 |       ||    48
       Staff             |     3 |    11 |    17 |    24 |     4 ||    59
       Scimitar          |       |       |       |       |     2 ||     2
 Cast: Foxfire           |    75 |    97 |   268 |   392 |    36 ||   868
       Sticky Flame      |       |       |     1 |    44 |     2 ||    47
       Fireball          |       |       |       |    79 |    17 ||    96
       Inner Flame       |       |       |       |     1 |       ||     1
       Mephitic Cloud    |       |       |       |     5 |       ||     5
       Irradiate         |       |       |       |     2 |     2 ||     4
       Starburst         |       |       |       |       |    11 ||    11
       Blink             |       |       |       |       |     1 ||     1
Evoke: Wand              |       |       |       |     4 |       ||     4
  Use: Scroll            |       |     2 |     4 |     3 |    11 ||    20
       Potion            |       |       |     4 |       |     4 ||     8
 Stab: Sleeping          |     1 |       |       |       |       ||     1
Armor: Robe              |     1 |    14 |    58 |       |       ||    73
       Acid dragon scale |       |       |     2 |    65 |       ||    67
       Swamp dragon scal |       |       |       |     5 |    13 ||    18
Dodge: Dodged            |     3 |    16 |   149 |    65 |     9 ||   242
Block: Buckler           |       |     5 |    60 |    38 |     6 ||   109
